 Dungeon Crawl Stone Soup version 0.29.1-15-g9cfb28693d (webtiles) character file.

Game seed: 14228793558149329427

20 promet the Trooper (level 2, 0/26 HPs)
             Began as a Draconian Fighter on Apr 10, 2023.
             Slain by a worm (6 damage)
             ... on level 2 of the Dungeon.
             The game lasted 00:02:28 (1378 turns).

promet the Trooper (Draconian Fighter)              Turns: 1378, Time: 00:02:28

Health: 0/26       AC:  4    Str: 18    XL:     2   Next: 58%
Magic:  2/2        EV: 12    Int:  8    God:
Gold:   111        SH:  4    Dex: 10    Spells: 1/1 levels left

rFire   . . .      SeeInvis .   a - +0 war axe
rCold   . . .      Faith    .   b - +0 buckler
rNeg    . . .      Spirit   .   (body armour unavailable)
rPois   .          Reflect  .   (helmet restricted)
rElec   .          Harm     .   (no cloak)
rCorr   .          Rampage  .   (no gloves)
Will    .....                   (no boots)
Stlth   +.........              (no amulet)
HPRegen 0.08/turn               (no ring)
MPRegen 0.08/turn               (no ring)

@: no status effects
A: AC +4, unfitting armour, cold-blooded
a: no special abilities


You were on level 2 of the Dungeon.
You visited 1 branch of the dungeon, and saw 2 of its levels.

You collected 111 gold pieces.

Inventory:

Hand Weapons
 a - a +0 war axe (weapon)
Missiles
 e - 40 stones (quivered)
 g - 3 atropa-tipped darts
 l - 9 poisoned darts
 m - 4 datura-tipped darts
Armour
 b - a +0 buckler (worn)
Jewellery
 k - a +6 ring of strength
Scrolls
 d - a scroll of blinking {unknown}
 h - 3 scrolls of teleportation
 i - a scroll of enchant armour {unknown}
 j - a scroll of noise {unknown}
Potions
 c - a potion of might
 f - a potion of brilliance {unknown}


   Skills:
 + Level 3.6 Fighting
 + Level 2.2 Axes
 + Level 3.0 Dodging
 + Level 3.2 Shields


You had one spell level left.
You didn't know any spells.
Your spell library was empty.

Dungeon Overview and Level Annotations

Branches:
Dungeon (2/15)

Altars:


Innate Abilities, Weirdness & Mutations

Your plain brown scales are hard. (AC +4)
You cannot fit into any form of body armour.
You are cold-blooded and may be slowed by cold attacks.


Message History

You barely miss the quokka.
The quokka is severely wounded.
The quokka bites you but does no damage. x2
You slash the quokka!
You kill the quokka!
You see here a quokka corpse.
Found 5 poisoned darts.
A worm comes into view.
You see here a ring of flight.
A worm comes into view.
You see here 5 poisoned darts.
l - 9 poisoned darts (gained 5)
You hit the worm. You tail-slap the worm.
The worm is moderately wounded.
You hit the worm but do no damage. You tail-slap the worm.
The worm is moderately wounded.
The worm bites you.
You slash the worm!
The worm is severely wounded.
The worm misses you.
You barely miss the worm. You tail-slap the worm.
The worm is almost dead.
You hit the worm but do no damage. The worm closely misses you.
The worm bites you!
You barely miss the worm. You tail-slap the worm.
The worm is lightly wounded.
You slash the worm!
You kill the worm!
A quokka comes into view.
The worm bites you!
* * * LOW HITPOINT WARNING * * *
You barely miss the worm. The worm barely misses you.
You barely miss the worm. You slash the worm! You tail-slap the worm.
The worm is severely wounded.
The worm barely misses you.
You slash the worm!
The worm is almost dead.
You hit the quokka. The quokka barely misses you. The worm bites you.
You die...

....#..### #...##....#
....##...# #...##....#
....####.###...##....#
....####...#...##....#
######...†...........#
#...............#
#...............#
#........=......#
#.........†@....#
#...$......wr....#
..................#
.....$............#
................#
................#
................#
.............#


You could see a worm and a quokka.

Vanquished Creatures
  A worm (D:2)
  A bat (D:1)
  A giant cockroach (D:1)
  2 goblins (D:1)
  2 hobgoblins
  4 quokkas
  2 frilled lizards
13 creatures vanquished.

Vanquished Creatures (collateral kills)
  A goblin (D:1)
1 creature vanquished.

Grand Total: 14 creatures vanquished

Notes
Turn   | Place    | Note
-------+----------+-------------------------------------------
     0 | D:1      | promet the Draconian Fighter began the quest for the Orb.
     0 | D:1      | Reached XP level 1. HP: 19/19 MP: 1/1
   481 | D:1      | Reached XP level 2. HP: 26/26 MP: 2/2
  1378 | D:2      | Slain by a worm

Illustrated notes

Levels and vault maps discovered:
D:1:      dpeg_arrival_short_road, layout_basic, nicolae_eternal_life,
          kennysheep_nondescript, minmay_split_cup_small
D:2:      layout_basic, kennysheep_generic_room_9

Skill      XL: |  1  2 |
---------------+-------+-----
Dodging        | 3 |  3.0
Fighting       | |  3.6
Axes           | |  2.2
Shields        | |  3.2

Action                   || total
-------------------------++-------
Melee: War axe           ||    44
       Tailslap          ||     6
  Use: Scroll            ||     3
Armor: Skin              ||    14
Dodge: Dodged            ||    34
Block: Buckler           ||    11
